Cogmind - Beta 12 @@@ ROGUE MODE // 2023.06.09 @ 13:04:49 Player: Mr Goldstein Result: Destroyed by S-43 Plague with Heavy Machine Gun Performance ------------- Evolutions (9) 4500 Regions Visited (19) 3800 Robots Destroyed (40) 200 Value Destroyed (1187) 1187 Prototype IDs (3) 60 Alien Tech Used (4) 800 Bonus (1841) 1841 TOTAL SCORE: 12388 Bonus ------- Pacifist 200 High Alert Combat Kills 30 Follower Combat Kills 111 Entered Garrisons 200 Used RIF Installer 500 Entered DSFs 500 Met Zhirov 300 Cogmind --------- Core Integrity 0/1600 Matter 300/300 Energy 98/100 System Corruption 0% Temperature Cool (0) Movement Core (50) Location -1/Access Parts ------- > --- POWER (2) -------- (None) > --- PROPULSION (11) -- (None) > --- UTILITY (10) ----- (None) > --- WEAPON (2) ------- (None) > --- INVENTORY (5) ---- Light Nuclear Core Remote Datajack Peak State ------------ > --- POWER ------------ (None) > --- PROPULSION ------- Gyrokinetic Inverter Improved Linear Gravjet Field Propulsion Array > --- UTILITY ---------- Scrap Engine Machine Analyzer Advanced Launcher Guidance Computer Experimental Core Shielding Advanced System Shield Relay Coupler [Sentry] Relay Coupler [Sentry] Relay Coupler [Sentry] > --- WEAPON ----------- Sigix Broadsword > --- INVENTORY -------- Light Nuclear Core Transdimensional Reconstructor Terrabomb Remote Datajack [Rating: 112] Favorites ----------- Power Light Nuclear Core Power Core Light Nuclear Core Propulsion VTOL Module Leg Myomer Leg Hover Unit Gyrokinetic Inverter Flight Unit VTOL Module Utility Machine Analyzer Device Armored Scrap Engine Processor Machine Analyzer Hackware Advanced System Shield Protection Experimental Core Shielding Weapon Mini Grenade Launcher Launcher Mini Grenade Launcher Impact Weapon Great Maul Slashing Weapon Sigix Broadsword Build | -11 -10 -9 -8 -8 -8 -8 -6 -6 -5 -5 -5 -5 -4 -4 -3 -3 -2 -2 -1 ------- Run | Jun Mat Mat Mat Gar Sto Rec Fac Ext Fac Upp Upp Zhi Pro Fac Res Qua Res DSF Acc Slots Evolved 18 | . . 2 2 . . . 4 . 2 . . . . 2 2 . 2 . 2 Power 1 | . . . . . . . 1 . . . . . . . . . . . . Propulsion 9 | . . 1 1 . . . 2 . 1 . . . . 1 1 . 1 . 1 Utility 8 | . . 1 1 . . . 1 . 1 . . . . 1 1 . 1 . 1 Weapon . | . . . . . . . . . . . . . . . . . . . . Parts Attached 51 | . . 1 2 2 2 2 . 5 10 2 4 5 1 3 5 3 . 3 1 Power 1 | . . . . . . . . . . . . . . . . 1 . . . Engine . | . . . . . . . . . . . . . . . . . . . . Core 1 | . . . . . . . . . . . . . . . . 1 . . . Reactor . | . . . . . . . . . . . . . . . . . . . . Propulsion 18 | . . . 1 2 . 1 . 2 3 1 1 1 . 2 3 . . . 1 Treads . | . . . . . . . . . . . . . . . . . . . . Leg 2 | . . . . . . . . 2 . . . . . . . . . . . Wheel . | . . . . . . . . . . . . . . . . . . . . Hover 4 | . . . . . . . . . . . . 1 . . 2 . . . 1 Flight 12 | . . . 1 2 . 1 . . 3 1 1 . . 2 1 . . . . Utility 16 | . . . 1 . 1 1 . . 4 . 1 3 1 . 1 . . 3 . Device 3 | . . . . . . 1 . . . . . 1 1 . . . . . . Storage . | . . . . . . . . . . . . . . . . . . . . Processor 3 | . . . 1 . . . . . . . 1 . . . 1 . . . . Hackware 7 | . . . . . . . . . 3 . . 1 . . . . . 3 . Protection 3 | . . . . . 1 . . . 1 . . 1 . . . . . . . Artifact . | . . . . . . . . . . . . . . . . . . . . Weapon 16 | . . 1 . . 1 . . 3 3 1 2 1 . 1 1 2 . . . Energy Gun . | . . . . . . . . . . . . . . . . . . . . Energy Cannon . | . . . . . . . . . . . . . . . . . . . . Ballistic Gun . | . . . . . . . . . . . . . . . . . . . . Ballistic Cannon . | . . . . . . . . . . . . . . . . . . . . Launcher 12 | . . 1 . . 1 . . 2 3 1 2 . . 1 1 . . . . Special Weapon . | . . . . . . . . . . . . . . . . . . . . Impact Weapon 1 | . . . . . . . . 1 . . . . . . . . . . . Slashing Weapon 3 | . . . . . . . . . . . . 1 . . . 2 . . . Piercing Weapon . | . . . . . . . . . . . . . . . . . . . . Special Melee Weapon . | . . . . . . . . . . . . . . . . . . . . Unidentified Prototypes 7 | . . . . . . . . . 1 . . 3 . . . 1 . . 2 Parts Lost 31 | . . . . 3 . . . 4 3 1 5 . 1 1 3 2 . 1 7 Power . | . . . . . . . . . . . . . . . . . . . . Propulsion 15 | . . . . 2 . . . 2 1 1 2 . . 1 1 2 . 1 2 Utility 10 | . . . . . . . . . 2 . 2 . 1 . 1 . . . 4 Weapon 6 | . . . . 1 . . . 2 . . 1 . . . 1 . . . 1 Highest Loss Streak 7 | . . . . 3 . . . 3 2 1 3 . 1 1 3 1 . 1 7 To Critical Strikes . | . . . . . . . . . . . . . . . . . . . . Average Slot Usage (%) 33 | . . 3 14 37 22 40 33 31 36 34 28 35 37 31 48 50 43 40 38 Leg 1 | . . . . . . . . 8 5 . . . . . . . . . . Hover 1 | . . . . . . . . . . . . 1 5 2 5 4 4 4 5 Flight 6 | . . . 2 20 9 13 13 . 4 10 2 5 5 5 16 13 8 6 2 Device 4 | . . . . . . 9 6 6 5 5 5 5 5 5 4 4 4 4 3 Processor 6 | . . . 2 9 9 9 6 6 5 5 10 11 7 5 6 9 8 8 6 Hackware 3 | . . . . . . . . . 11 5 4 3 5 5 4 4 4 4 15 Protection 1 | . . . . . . . . . 1 5 . 1 5 5 4 4 4 4 3 Launcher 3 | . . 3 9 8 4 9 6 8 . . 2 . . 2 4 . . . . Naked Turns 98 | . 56 37 . . . . . . . . . . . . . . . . 5 Heaviest Build 17 | . . 1 1 1 1 2 2 6 4 4 4 4 4 3 11 17 17 17 12 Greatest Support 40 | 3 3 3 5 9 4 8 8 40 8 8 8 4 4 12 27 27 19 19 15 Greatest Overweight (x) . | . . . . . . . . . . . . . . . . . . . . Average Overweight (x) . | . . . . . . . . . . . . . . . . . . . . Largest Inventory Capacity 5 | 5 5 5 5 5 5 5 5 5 5 5 5 5 5 5 5 5 5 5 5 Average Capacity 5 | 5 5 5 5 5 5 5 5 5 5 5 5 5 5 5 5 5 5 5 5 Most Carried 5 | . 4 4 3 3 3 5 4 4 3 4 5 5 5 5 4 5 3 4 4 Average Carried 3 | . 3 3 3 3 2 3 4 2 2 3 4 4 5 4 4 3 3 3 3 Final Capacity 5 | 5 5 5 5 5 5 5 5 5 5 5 5 5 5 5 5 5 5 5 5 Final Carried 5 | . 4 3 3 3 3 4 4 3 3 4 5 5 5 4 4 3 3 4 2 Scrap Engine Consumption 3 | . . . . . . 2 . . . . 1 . . . . . . . . Class Distribution -------------------- 72% | Mutant 16% | Sprinter 3% | Commander-Mutant Dominant Class ---------------- Mutant | -10/Materials Mutant | -9/Materials Mutant | -8/Materials Mutant | -8/Garrison Mutant | -8/Storage Mutant | -8/Recycling Mutant | -6/Factory Mutant | -6/Extension Hacker-Sprinter | -5/Factory Sprinter | -5/Upper Caves Mutant | -5/Upper Caves Mutant | -5/Zhirov Mutant | -4/Proximity Caves Mutant | -4/Factory Sprinter | -3/Research Sprinter | -3/Quarantine Mutant | -2/Research Mutant | -2/DSF Mutant | -1/Access Resources | -11 -10 -9 -8 -8 -8 -8 -6 -6 -5 -5 -5 -5 -4 -4 -3 -3 -2 -2 -1 ----------- Run | Jun Mat Mat Mat Gar Sto Rec Fac Ext Fac Upp Upp Zhi Pro Fac Res Qua Res DSF Acc Matter Collected 925 | 134 . . 107 86 . 60 . 127 21 56 70 98 35 33 . . . . 98 Remotely . | . . . . . . . . . . . . . . . . . . . . Salvage Created 794 | . . 10 8 11 . . . 76 129 13 97 367 . 70 13 . . . . Parts 39 | . . 4 1 3 . . . 1 13 2 6 3 . 6 . . . . . Haulers Intercepted . | . . . . . . . . . . . . . . . . . . . . Recyclers Shooed 1 | . . . . . . . . 1 . . . . . . . . . . . Parts Field Recycled . | . . . . . . . . . . . . . . . . . . . . Retrieved Matter . | . . . . . . . . . . . . . . . . . . . . Parts Self-Destructed 4 | . . . . . . . . . . 1 3 . . . . . . . . Prevented . | . . . . . . . . . . . . . . . . . . . . Kills | -11 -10 -9 -8 -8 -8 -8 -6 -6 -5 -5 -5 -5 -4 -4 -3 -3 -2 -2 -1 ------- Run | Jun Mat Mat Mat Gar Sto Rec Fac Ext Fac Upp Upp Zhi Pro Fac Res Qua Res DSF Acc Combat Hostiles Destroyed 36 | . . 4 3 3 . . . 3 9 1 9 . . 4 . . . . . AOE 36 | . . 4 3 3 . . . 3 9 1 9 . . 4 . . . . . Classes Destroyed 5 | . . 1 . . . . . 3 1 . . . . . . . . . . Worker 3 | . . . . . . . . . 1 . . . . . 2 . . . . Watcher 1 | . . . . . . . . 1 . . . . . . . . . . . Swarmer 33 | . . 4 3 3 . . . . 9 1 9 . . 4 . . . . . Sentry 2 | . . . . . . . . 2 . . . . . . . . . . . Butcher 1 | . . . . . . . . 1 . . . . . . . . . . . Best Kill Streak 6 | . . 4 3 3 . . . 4 6 1 5 . . 4 2 . . . . Combat Bots Only 5 | . . 4 3 3 . . . 3 5 1 5 . . 4 . . . . . Max Kills in Single Turn 4 | . . 4 1 2 . . . 2 4 1 4 . . 4 2 . . . . Gunslinging . | . . . . . . . . . . . . . . . . . . . . Exploded 4 | . . 4 1 2 . . . 2 4 1 4 . . 4 . . . . . Melee . | . . . . . . . . . . . . . . . . . . . . Uniques/NPCs Destroyed . | . . . . . . . . . . . . . . . . . . . . Combat | -11 -10 -9 -8 -8 -8 -8 -6 -6 -5 -5 -5 -5 -4 -4 -3 -3 -2 -2 -1 -------- Run | Jun Mat Mat Mat Gar Sto Rec Fac Ext Fac Upp Upp Zhi Pro Fac Res Qua Res DSF Acc Damage Taken 5802 | . 31 102 246 169 35 14 27 576 333 267 711 . 63 60 324 542 . 99 2203 Core 2789 | . 31 102 208 106 35 14 17 318 108 . 312 . 14 8 11 23 . . 1482 Absorbed by Shields 22 | . . . . 22 . . . . . . . . . . . . . . . Redirected to Shielding 183 | . . . . . . . . . . . . . 8 5 6 14 . . 150 Regen/Repaired (Parts) 636 | . . . . . . . . . . 100 100 . . . . 162 26 70 178 Core Remaining (%) 78 | 100 87 74 . . . 34 . 60 . . . . 56 99 . 97 . 100 . Volleys Fired 28 | . . 1 4 3 2 . . 6 4 1 5 . . 1 1 . . . . Largest 2 | . . 1 1 1 1 . . 2 1 1 1 . . 1 1 . . . . Hottest 60 | . . 30 30 30 30 . . 60 30 30 30 . . 30 46 . . . . Shots Fired 32 | . . 1 4 3 2 . . 10 4 1 5 . . 1 1 . . . . Gun . | . . . . . . . . . . . . . . . . . . . . Cannon . | . . . . . . . . . . . . . . . . . . . . Launcher 32 | . . 1 4 3 2 . . 10 4 1 5 . . 1 1 . . . . Special . | . . . . . . . . . . . . . . . . . . . . Kinetic . | . . . . . . . . . . . . . . . . . . . . Thermal . | . . . . . . . . . . . . . . . . . . . . Explosive 32 | . . 1 4 3 2 . . 10 4 1 5 . . 1 1 . . . . Electromagnetic . | . . . . . . . . . . . . . . . . . . . . Robot Hit Streak 6 | . . 1 2 . . . . 6 . . 4 . . . . . . . . Robot Miss Streak 1 | . . . 1 . . . . 1 . . . . . . . . . . . Penetration Max . | . . . . . . . . . . . . . . . . . . . . Secondary Targets . | . . . . . . . . . . . . . . . . . . . . Shots Hit Robots 21 | . . 1 2 . . . . 7 . . 1 10 . . . . . . . Core Hits 71 | . . 4 4 3 . . . 19 14 1 16 4 . 4 2 . . . . Critical Kills . | . . . . . . . . . . . . . . . . . . . . Critical Parts Destroyed . | . . . . . . . . . . . . . . . . . . . . Critical Strikes . | . . . . . . . . . . . . . . . . . . . . Melee Attacks 21 | . . . . . . . . 1 . . . 10 . . . 4 . . 6 Impact 1 | . . . . . . . . 1 . . . . . . . . . . . Slashing 20 | . . . . . . . . . . . . 10 . . . 4 . . 6 Piercing . | . . . . . . . . . . . . . . . . . . . . Sneak Attacks . | . . . . . . . . . . . . . . . . . . . . Combat Hostiles . | . . . . . . . . . . . . . . . . . . . . Follow-up Attacks . | . . . . . . . . . . . . . . . . . . . . Damage Inflicted 3749 | . . 197 333 244 . . . 436 536 48 897 749 . 208 97 . . . 4 Guns . | . . . . . . . . . . . . . . . . . . . . Cannons . | . . . . . . . . . . . . . . . . . . . . Explosions 2970 | . . 197 319 244 . . . 424 536 48 897 . . 208 97 . . . . Melee 749 | . . . . . . . . . . . . 749 . . . . . . . Ramming 30 | . . . 14 . . . . 12 . . . . . . . . . . 4 Kinetic . | . . . . . . . . . . . . . . . . . . . . Thermal . | . . . . . . . . . . . . . . . . . . . . Explosive 2970 | . . 197 319 244 . . . 424 536 48 897 . . 208 97 . . . . Electromagnetic . | . . . . . . . . . . . . . . . . . . . . Impact . | . . . . . . . . . . . . . . . . . . . . Slashing 749 | . . . . . . . . . . . . 749 . . . . . . . Piercing . | . . . . . . . . . . . . . . . . . . . . Highest Corruption 4 | . . . . . . . . . . . . . 1 . . 4 . . . Average Corruption 2 | . . . . . . . . . . . . . 1 . . 3 . . . Corruption Purged . | . . . . . . . . . . . . . . . . . . . . Corruption Blocked . | . . . . . . . . . . . . . . . . . . . . Effects 1 | . . . . . . . . . . . . . 1 . . . . . . Data Loss (major) 1 | . . . . . . . . . . . . . 1 . . . . . . Overload Shots . | . . . . . . . . . . . . . . . . . . . . Overflow Damage 176 | . . . 30 42 . . . 6 . . 12 86 . . . . . . . Projectiles . | . . . . . . . . . . . . . . . . . . . . Explosions 90 | . . . 30 42 . . . 6 . . 12 . . . . . . . . Melee 86 | . . . . . . . . . . . . 86 . . . . . . . Knockbacks 1 | . . . . . . . . 1 . . . . . . . . . . . Impact 1 | . . . . . . . . 1 . . . . . . . . . . . Kinetic . | . . . . . . . . . . . . . . . . . . . . Secondary . | . . . . . . . . . . . . . . . . . . . . Self-Inflicted Damage 170 | . . . 28 . . . . 95 45 . . . . . . . . . 2 Shots 6 | . . . 1 . . . . 3 2 . . . . . . . . . . Rammed 5 | . . . 1 . . . . 2 . . . . . . . . . . 2 Targets Rammed 5 | . . . 1 . . . . 2 . . . . . . . . . . 2 Kicked . | . . . . . . . . . . . . . . . . . . . . Crushed . | . . . . . . . . . . . . . . . . . . . . Highest Temperature . | . . . . . . . . . . . . . . . . . . . . Average Temperature . | . . . . . . . . . . . . . . . . . . . . Received Heat Transfer 711 | . 18 42 . 18 18 9 6 96 81 63 306 . . . 24 30 . . . Siege Activations . | . . . . . . . . . . . . . . . . . . . . Robots Corrupted . | . . . . . . . . . . . . . . . . . . . . Combat Hostiles . | . . . . . . . . . . . . . . . . . . . . Parts Fried . | . . . . . . . . . . . . . . . . . . . . Impact Corruptions . | . . . . . . . . . . . . . . . . . . . . Robots Melted . | . . . . . . . . . . . . . . . . . . . . Combat Hostiles . | . . . . . . . . . . . . . . . . . . . . Parts Melted . | . . . . . . . . . . . . . . . . . . . . Heat Transferred . | . . . . . . . . . . . . . . . . . . . . Parts Sabotaged . | . . . . . . . . . . . . . . . . . . . . Parts Stolen . | . . . . . . . . . . . . . . . . . . . . Parts Stripped . | . . . . . . . . . . . . . . . . . . . . Power Chain Reactions . | . . . . . . . . . . . . . . . . . . . . Missiles Intercepted . | . . . . . . . . . . . . . . . . . . . . Alert | -11 -10 -9 -8 -8 -8 -8 -6 -6 -5 -5 -5 -5 -4 -4 -3 -3 -2 -2 -1 ------- Run | Jun Mat Mat Mat Gar Sto Rec Fac Ext Fac Upp Upp Zhi Pro Fac Res Qua Res DSF Acc Peak Influence 593 | . . 134 339 384 220 205 416 439 593 . . . . 110 146 142 96 72 242 Initial 386 | . . . 56 220 172 85 386 203 203 . . . . 18 57 70 96 72 36 Average 194 | . . 35 220 329 194 180 402 329 280 . . . . 63 97 112 96 67 107 Maximum Alert Level 2 | . . . 1 1 1 1 2 2 2 . . . . . . . . . 1 Low Security (%) 47 | 100 100 100 40 . 45 30 . . . . . . . 100 100 100 100 100 87 Level 1 46 | . . . 59 100 55 69 2 81 90 . . . . . . . . . 12 Level 2 6 | . . . . . . . 97 18 9 . . . . . . . . . . Level 3 . | . . . . . . . . . . . . . . . . . . . . Level 4 . | . . . . . . . . . . . . . . . . . . . . Level 5 . | . . . . . . . . . . . . . . . . . . . . High Security . | . . . . . . . . . . . . . . . . . . . . Max Security . | . . . . . . . . . . . . . . . . . . . . Squads Dispatched 10 | . 2 1 . . 1 . 1 . 1 . . . . 1 2 1 . . . Investigation 3 | . 1 . . . . . . . . . . . . . 1 1 . . . Extermination . | . . . . . . . . . . . . . . . . . . . . Reinforcement 6 | . 1 1 . . 1 . 1 . . . . . . 1 1 . . . . Assault . | . . . . . . . . . . . . . . . . . . . . Garrison 1 | . . . . . . . . . 1 . . . . . . . . . . Intercept . | . . . . . . . . . . . . . . . . . . . . Searches Triggered . | . . . . . . . . . . . . . . . . . . . . Construction Impeded 1 | . . . . . . . . . . . . . . 1 . . . . . Haulers Reinforced . | . . . . . . . . . . . . . . . . . . . . Active Scanning Responses . | . . . . . . . . . . . . . . . . . . . . Cargo Convoy Interrupts . | . . . . . . . . . . . . . . . . . . . . Stealth | -11 -10 -9 -8 -8 -8 -8 -6 -6 -5 -5 -5 -5 -4 -4 -3 -3 -2 -2 -1 --------- Run | Jun Mat Mat Mat Gar Sto Rec Fac Ext Fac Upp Upp Zhi Pro Fac Res Qua Res DSF Acc Distress Signals 9 | . . . . . . . . 5 . . . . . . 2 . . . 2 Communications Jammed . | . . . . . . . . . . . . . . . . . . . . Distress Signals . | . . . . . . . . . . . . . . . . . . . . Times Spotted 188 | . 1 13 13 8 5 2 2 9 16 12 21 . 9 4 13 15 . 2 43 Peak Tracking Total 24 | . 1 9 10 6 5 2 1 3 9 11 13 . 9 4 14 14 . 2 24 Tactical Retreats 17 | . . . 3 1 . . . . 2 1 3 . 1 . . 1 . . 5 Traps | -11 -10 -9 -8 -8 -8 -8 -6 -6 -5 -5 -5 -5 -4 -4 -3 -3 -2 -2 -1 ------- Run | Jun Mat Mat Mat Gar Sto Rec Fac Ext Fac Upp Upp Zhi Pro Fac Res Qua Res DSF Acc Traps Triggered 8 | . 1 . . 3 . . . . . . . . . . . 1 . . 3 Indirectly . | . . . . . . . . . . . . . . . . . . . . Trap Hack Attempts . | . . . . . . . . . . . . . . . . . . . . Triggered . | . . . . . . . . . . . . . . . . . . . . Disarmed . | . . . . . . . . . . . . . . . . . . . . Reprogrammed . | . . . . . . . . . . . . . . . . . . . . Reused . | . . . . . . . . . . . . . . . . . . . . Traps Extracted . | . . . . . . . . . . . . . . . . . . . . Installed . | . . . . . . . . . . . . . . . . . . . . Triggered . | . . . . . . . . . . . . . . . . . . . . Machines | -11 -10 -9 -8 -8 -8 -8 -6 -6 -5 -5 -5 -5 -4 -4 -3 -3 -2 -2 -1 ---------- Run | Jun Mat Mat Mat Gar Sto Rec Fac Ext Fac Upp Upp Zhi Pro Fac Res Qua Res DSF Acc Machines Disabled 9 | . . . 1 1 1 . . 2 1 . . . . . . 3 . . . Max in Single Turn 1 | . . . 1 1 1 . . 1 1 . . . . . . 1 . . . Garrison Access 2 | . . . . . . . . . . . . . . . 1 . . . 1 Garrison Relay 1 | . . . . 1 . . . . . . . . . . . . . . . Energy Cycler 1 | . . . . . . . . 1 . . . . . . . . . . . Machines Repaired . | . . . . . . . . . . . . . . . . . . . . Machines Sabotaged . | . . . . . . . . . . . . . . . . . . . . Overloaded Fab Kills . | . . . . . . . . . . . . . . . . . . . . Hacking | -11 -10 -9 -8 -8 -8 -8 -6 -6 -5 -5 -5 -5 -4 -4 -3 -3 -2 -2 -1 --------- Run | Jun Mat Mat Mat Gar Sto Rec Fac Ext Fac Upp Upp Zhi Pro Fac Res Qua Res DSF Acc Machines Accessed 18 | . . . 1 . . 6 2 . 1 . 1 2 . . 2 . 1 . 2 Terminals 7 | . . . . . . 2 2 . . . . . . . 1 . 1 . 1 Fabricators . | . . . . . . . . . . . . . . . . . . . . Repair Stations . | . . . . . . . . . . . . . . . . . . . . Recycling Units 4 | . . . . . . 4 . . . . . . . . . . . . . Scanalyzers . | . . . . . . . . . . . . . . . . . . . . Garrison Access 4 | . . . 1 . . . . . 1 . . . . . 1 . . . 1 Total Hacks 35 | . . . 1 . . 9 3 . 2 . 1 9 . . 6 . 2 . 2 Successful 24 | . . . 1 . . 6 1 . 1 . 1 9 . . 3 . 1 . 1 Failed 11 | . . . . . . 3 2 . 1 . . . . . 3 . 1 . 1 Catastrophic 1 | . . . . . . . . . . . . . . . 1 . . . . Database Lockouts . | . . . . . . . . . . . . . . . . . . . . Manual 18 | . . . . . 1 10 . . 2 . . . . . 5 . . . . Terminals 15 | . . . . . . 4 3 . . . . . . . 5 . 2 . 1 Fabricators . | . . . . . . . . . . . . . . . . . . . . Repair Stations . | . . . . . . . . . . . . . . . . . . . . Recycling Units 5 | . . . . . . 5 . . . . . . . . . . . . . Scanalyzers . | . . . . . . . . . . . . . . . . . . . . Garrison Access 5 | . . . 1 . . . . . 2 . . . . . 1 . . . 1 Terminal Hacks 13 | . . . . . . . 1 . . . 1 9 . . 1 . 1 . . Record 5 | . . . . . . . . . . . . 5 . . . . . . . Robot Analysis 4 | . . . . . . . . . . . . 4 . . . . . . . Open Door 2 | . . . . . . . 1 . . . 1 . . . . . . . . Open DSF 1 | . . . . . . . . . . . . . . . . . 1 . . Branch Access Points 1 | . . . . . . . . . . . . . . . 1 . . . . Fabricator Hacks . | . . . . . . . . . . . . . . . . . . . . Repair Station Hacks . | . . . . . . . . . . . . . . . . . . . . Recycling Unit Hacks . | . . . . . . . . . . . . . . . . . . . . Scanalyzer . | . . . . . . . . . . . . . . . . . . . . Garrison Access Hacks 3 | . . . 1 . . . . . . . . . . . 1 . . . 1 Unlock Access 1 | . . . 1 . . . . . . . . . . . . . . . . Seal Access 2 | . . . . . . . . . . . . . . . 1 . . . 1 Unauthorized Hacks 8 | . . . . . . 6 . . 1 . . . . . 1 . . . . Terminals 3 | . . . . . . 2 . . . . . . . . 1 . . . . Assimilate 1 | . . . . . . . . . . . . . . . 1 . . . . Search 2 | . . . . . . 2 . . . . . . . . . . . . . Fabricators . | . . . . . . . . . . . . . . . . . . . . Repair Stations . | . . . . . . . . . . . . . . . . . . . . Recycling Units 4 | . . . . . . 4 . . . . . . . . . . . . . Tunnel 4 | . . . . . . 4 . . . . . . . . . . . . . Scanalyzers . | . . . . . . . . . . . . . . . . . . . . Garrison Access 1 | . . . . . . . . . 1 . . . . . . . . . . Reprogram 1 | . . . . . . . . . 1 . . . . . . . . . . Data Cores Recovered . | . . . . . . . . . . . . . . . . . . . . Used . | . . . . . . . . . . . . . . . . . . . . Hacking Detections 5 | . . . 1 . . 1 1 . . . . . . . 1 . . . 1 Full Trace Events . | . . . . . . . . . . . . . . . . . . . . Feedback Events . | . . . . . . . . . . . . . . . . . . . . Feedback Blocked . | . . . . . . . . . . . . . . . . . . . . Robot Schematics Acquired . | . . . . . . . . . . . . . . . . . . . . Robots Built . | . . . . . . . . . . . . . . . . . . . . Authchips . | . . . . . . . . . . . . . . . . . . . . Time . | . . . . . . . . . . . . . . . . . . . . Total Robot Build Rating . | . . . . . . . . . . . . . . . . . . . . Part Schematics Acquired . | . . . . . . . . . . . . . . . . . . . . Parts Built . | . . . . . . . . . . . . . . . . . . . . Authchips . | . . . . . . . . . . . . . . . . . . . . Time . | . . . . . . . . . . . . . . . . . . . . Total Part Build Rating . | . . . . . . . . . . . . . . . . . . . . Parts Repaired . | . . . . . . . . . . . . . . . . . . . . Time . | . . . . . . . . . . . . . . . . . . . . Parts Recycled . | . . . . . . . . . . . . . . . . . . . . Recycled Matter . | . . . . . . . . . . . . . . . . . . . . Retrieved Matter . | . . . . . . . . . . . . . . . . . . . . Retrieved Components . | . . . . . . . . . . . . . . . . . . . . Parts Scanalyzed . | . . . . . . . . . . . . . . . . . . . . Part Schematics Acquired . | . . . . . . . . . . . . . . . . . . . . Parts Damaged . | . . . . . . . . . . . . . . . . . . . . Bothacking | -11 -10 -9 -8 -8 -8 -8 -6 -6 -5 -5 -5 -5 -4 -4 -3 -3 -2 -2 -1 ------------ Run | Jun Mat Mat Mat Gar Sto Rec Fac Ext Fac Upp Upp Zhi Pro Fac Res Qua Res DSF Acc Used RIF Installer 1 | . . . . 1 . . . . . . . . . . . . . . . Robots Hacked . | . . . . . . . . . . . . . . . . . . . . Non-combat . | . . . . . . . . . . . . . . . . . . . . Combat . | . . . . . . . . . . . . . . . . . . . . Robot Hacks Applied . | . . . . . . . . . . . . . . . . . . . . Relay Couplers Released 4 | . . . . 4 . . . . . . . . . . . . . . . Machine Destruction 4 | . . . . 4 . . . . . . . . . . . . . . . Attached 3 | . . . . . . . . . . . . . . . . . . 3 . Fabnet Peak Effective % . | . . . . . . . . . . . . . . . . . . . . Robots Rewired 6 | . . . . . . . . 6 . . . . . . . . . . . Allies Hacked . | . . . . . . . . . . . . . . . . . . . . Hacks Repelled . | . . . . . . . . . . . . . . . . . . . . Allies | -11 -10 -9 -8 -8 -8 -8 -6 -6 -5 -5 -5 -5 -4 -4 -3 -3 -2 -2 -1 -------- Run | Jun Mat Mat Mat Gar Sto Rec Fac Ext Fac Upp Upp Zhi Pro Fac Res Qua Res DSF Acc Total Allies 10 | . . . . . . . . 9 . . . . . . 1 . . . . Largest Group 9 | . . . . . . . . 9 . . . . . . 1 . . . . Highest-Rated Group 243 | . . . . . . . . 243 . . . . . . 10 . . . . Highest-Rated Ally 39 | . . . . . . . . 39 . . . . . . 10 . . . . Total Orders . | . . . . . . . . . . . . . . . . . . . . Ally Attacks 15 | . . . . . . . . 15 . . . . . . . . . . . Total Damage 304 | . . . . . . . . 304 . . . . . . . . . . . Kills 4 | . . . . . . . . 4 . . . . . . . . . . . Allies Corrupted . | . . . . . . . . . . . . . . . . . . . . Allies Melted 1 | . . . . . . . . 1 . . . . . . . . . . . Intel | -11 -10 -9 -8 -8 -8 -8 -6 -6 -5 -5 -5 -5 -4 -4 -3 -3 -2 -2 -1 ------- Run | Jun Mat Mat Mat Gar Sto Rec Fac Ext Fac Upp Upp Zhi Pro Fac Res Qua Res DSF Acc Robot Analysis Total 4 | . . . . . . . . . . . . 4 . . . . . . . Derelict Logs Recovered 4 | . . . . . . . . . . 1 2 . 1 . . . . . . Drone Launches . | . . . . . . . . . . . . . . . . . . . . Drone Recoveries . | . . . . . . . . . . . . . . . . . . . . Exploration | -11 -10 -9 -8 -8 -8 -8 -6 -6 -5 -5 -5 -5 -4 -4 -3 -3 -2 -2 -1 ------------- Run | Jun Mat Mat Mat Gar Sto Rec Fac Ext Fac Upp Upp Zhi Pro Fac Res Qua Res DSF Acc Turns Passed 2011 | 11 56 52 135 94 40 224 41 222 127 174 233 82 80 26 71 140 13 35 155 Spaces Moved 4178 | 23 104 97 277 192 82 445 110 222 242 521 462 148 219 54 219 380 37 84 260 Core 1182 | 23 104 97 172 . . . . 177 136 . 368 . . . . . . . 105 Treads . | . . . . . . . . . . . . . . . . . . . . Legs 13 | . . . . . . . . 13 . . . . . . . . . . . Wheels . | . . . . . . . . . . . . . . . . . . . . Hover . | . . . . . . . . . . . . . . . . . . . . Flight 2983 | . . . 105 192 82 445 110 32 106 521 94 148 219 54 219 380 37 84 155 Fastest Speed 27 | 50 50 50 35 34 40 37 37 37 32 32 32 35 35 29 27 27 34 34 40 Average Speed 39 | 50 50 50 44 34 40 38 37 52 42 32 46 35 35 33 27 31 34 36 44 Slowest Speed 120 | 50 50 50 50 40 40 40 37 120 50 35 50 35 35 35 29 34 34 40 50 Overloaded Moves . | . . . . . . . . . . . . . . . . . . . . Propulsion Burnouts . | . . . . . . . . . . . . . . . . . . . . Robots Hopped 21 | . . . . . . 6 . . 2 4 . . 1 . 2 6 . . . Cave-ins Triggered . | . . . . . . . . . . . . . . . . . . . . Teleports 1 | . . . . . . . . . . . . . . . . . . . 1 Exploration Rate (%) 35 | 3 27 21 36 37 26 86 6 45 10 70 74 60 47 3 15 44 2 86 15 Regions Visited 19 Branch Regions 8 Pre-discovered Areas 7 | . . . . . . 4 . . . . . 3 . . . . . . . Known Exits Taken 3 | . . . 1 . . . . . . . . . . . 1 . 1 . . Unknown Exits Taken 14 | 1 1 1 . . 1 1 1 1 1 1 1 1 1 1 . 1 . . . Scrap Searched 7 | . . . . . . . . . . 2 3 . 2 . . . . . . Spaces Dug 90 | . . . . 12 21 . . 6 23 6 16 . . . . 1 . . 5 Terrain Destroyed 226 | . . 13 34 12 21 . . 50 28 6 37 . . 6 13 1 . . 5 Melee 6 | . . . . . . . . . . . . . . . . 1 . . 5 Projectile . | . . . . . . . . . . . . . . . . . . . . AOE 220 | . . 13 34 12 21 . . 50 28 6 37 . . 6 13 . . . . Terrain Rammed . | . . . . . . . . . . . . . . . . . . . . Walls Destroyed . | . . . . . . . . . . . . . . . . . . . . Machines Disabled . | . . . . . . . . . . . . . . . . . . . . Actions | -11 -10 -9 -8 -8 -8 -8 -6 -6 -5 -5 -5 -5 -4 -4 -3 -3 -2 -2 -1 --------- Run | Jun Mat Mat Mat Gar Sto Rec Fac Ext Fac Upp Upp Zhi Pro Fac Res Qua Res DSF Acc Total 4444 | 22 107 98 283 214 86 489 109 315 258 521 474 166 221 59 223 388 36 87 288 Wait 73 | . . . . . . 44 . 7 . . 1 . . . . 4 . . 17 Move 4117 | 22 103 96 276 190 81 432 109 221 237 512 461 147 216 53 215 367 36 83 260 Hop 20 | . . . . . . 6 . . 2 4 . . 1 . 1 6 . . . Pick Up 15 | . 4 . . . . 3 . . . 1 2 2 . 1 . 2 . . . Fast Attach 37 | . . . 2 2 1 2 . 2 8 1 2 4 1 2 5 1 . 3 1 Attach 17 | . . 1 . . 1 . . 3 2 1 2 2 . 1 . 2 . . 2 Detach 9 | . . . . . 1 . . 2 2 1 1 . 1 . . . . 1 . Swap . | . . . . . . . . . . . . . . . . . . . . Drop 12 | . . . . . . 2 . . 3 . . 1 2 1 1 2 . . . Fire 28 | . . 1 4 3 2 . . 6 4 1 5 . . 1 1 . . . . Melee 21 | . . . . . . . . 1 . . . 10 . . . 4 . . 6 Ram 5 | . . . 1 . . . . 2 . . . . . . . . . . 2 Kick . | . . . . . . . . . . . . . . . . . . . . Crush . | . . . . . . . . . . . . . . . . . . . . Escape Stasis 19 | . . . . 19 . . . . . . . . . . . . . . . Rewire 71 | . . . . . . . . 71 . . . . . . . . . . . Trap . | . . . . . . . . . . . . . . . . . . . . Miscellaneous . | . . . . . . . . . . . . . . . . . . . . Route ------- -11/Junkyard -10/Materials -9/Materials -8/Materials (discovered 2 exits: *Sto / Gar) -8/Garrison -8/Storage -8/Recycling -6/Factory -6/Extension -5/Factory -5/Upper Caves -5/Upper Caves -5/Zhirov -4/Proximity Caves -4/Factory (discovered 2 exits: *Res / Upp) -3/Research (discovered 4 exits: *Res / Arm / *Qua x2) -3/Quarantine -2/Research -2/DSF -1/Access History --------- Turn | Location | Event 5 | -11/Junkyard | Discovered new exit (range 15) 12 | -11/Junkyard | Entered Materials 62 | -10/Materials | Discovered new exit (range 14) 68 | -10/Materials | Entered another Materials area 68 | -9/Materials | Evolved 2 slots: Propulsion x1, Utility x1 115 | -9/Materials | Discovered new exit (range 11) 120 | -9/Materials | Entered another Materials area 120 | -8/Materials | Evolved 2 slots: Propulsion x1, Utility x1 190 | -8/Materials | Discovered new exit (range 4) 255 | -8/Materials | Identified exit to Garrison 255 | -8/Materials | Entered Garrison 274 | -8/Garrison | Installed Relay Interface Framework 306 | -8/Garrison | Build established: Mutant 343 | -8/Garrison | Core integrity fell below 50% 344 | -8/Garrison | Discovered new exit (range 13) 349 | -8/Garrison | Entered Storage 376 | -8/Storage | Lost 3 parts (2n1w) 388 | -8/Storage | Used back door to open Recycling access 388 | -8/Storage | Discovered new exit (range 4) 389 | -8/Storage | Entered Recycling 389 | -8/Recycling | Found Scrap Engine 478 | -8/Recycling | Discovered new exit (range 16) 613 | -8/Recycling | Entered Factory 613 | -6/Factory | Evolved 4 slots: Power x1, Propulsion x2, Utility x1 652 | -6/Factory | Discovered new exit (range 6) 654 | -6/Factory | Entered Extension 710 | -6/Extension | Lost 3 parts (2n1w) 762 | -6/Extension | Energy Cycler disabled 762 | -6/Extension | Rescued a captive Derelict 762 | -6/Extension | Rescued a captive Derelict 763 | -6/Extension | Rescued a captive Derelict 763 | -6/Extension | Rescued a captive Derelict 764 | -6/Extension | Rescued a captive Derelict 764 | -6/Extension | Rescued a captive Derelict 766 | -6/Extension | Rescued a captive Derelict 767 | -6/Extension | Rescued a captive Derelict 770 | -6/Extension | Rescued a captive Derelict 770 | -6/Extension | Rescued a captive Derelict 772 | -6/Extension | Rescued a captive Derelict 774 | -6/Extension | Rescued a captive Derelict 860 | -6/Extension | Spotted B-75 Beast 862 | -6/Extension | Spotted B-75 Beast 864 | -6/Extension | Discovered new exit (range 14) 876 | -6/Extension | Entered Factory 876 | -5/Factory | Evolved 2 slots: Propulsion x1, Utility x1 1000 | -5/Factory | Discovered new exit (range 8) 1003 | -5/Factory | Entered Upper Caves 1020 | -5/Upper Caves | Learned Factory trap positions 1083 | -5/Upper Caves | Attracted the attention of an 0b10 outpost 1173 | -5/Upper Caves | Discovered new exit (range 14) 1177 | -5/Upper Caves | Entered another Upper Caves area 1191 | -5/Upper Caves | Learned Factory stockpile data 1206 | -5/Upper Caves | Attracted the attention of an 0b10 base 1247 | -5/Upper Caves | Lost 3 parts (2n1u) 1326 | -5/Upper Caves | Spotted B-75 Beast 1331 | -5/Upper Caves | Learned location of 1 exit from Factory 1396 | -5/Upper Caves | Discovered new exit (range 14) 1410 | -5/Upper Caves | Entered Zhirov 1410 | -5/Zhirov | Discovered new exit (range 4) 1417 | -5/Zhirov | Met Zhirov 1423 | -5/Zhirov | Learned location of Quarantine (-3) 1423 | -5/Zhirov | Learned location of Testing (-2) 1423 | -5/Zhirov | Learned location of Command (-1) 1426 | -5/Zhirov | Zhirov requested help retrieving the SGEMP Prototype 1432 | -5/Zhirov | Found Alien Artifact 1432 | -5/Zhirov | Identified Integrated Reactor 1432 | -5/Zhirov | Installed Integrated Reactor, increased core energy generation (+10) 1479 | -5/Zhirov | Found Alien Artifact 1492 | -5/Zhirov | Entered Proximity Caves 1521 | -4/Proximity Caves | Learned Research interactive machine intel 1559 | -4/Proximity Caves | Spotted B-86 Titan 1566 | -4/Proximity Caves | Attracted the attention of an 0b10 base 1569 | -4/Proximity Caves | Discovered new exit (range 10) 1572 | -4/Proximity Caves | Entered Factory 1572 | -4/Factory | Evolved 2 slots: Propulsion x1, Utility x1 1573 | -4/Factory | Identified exit to Upper Caves 1574 | -4/Factory | Loaded intel: 110 trap records 1580 | -4/Factory | Discovered new exit (range 11) 1598 | -4/Factory | Entered Research 1598 | -3/Research | Evolved 2 slots: Propulsion x1, Utility x1 1599 | -3/Research | Loaded intel: 43 interactive machine locations 1601 | -3/Research | Identified exit to Armory 1601 | -3/Research | Identified exit to Quarantine 1640 | -3/Research | Spotted B-86 Titan 1660 | -3/Research | Spotted B-86 Titan 1668 | -3/Research | Discovered new exit (range 13) 1669 | -3/Research | Entered Quarantine 1678 | -3/Quarantine | Found Alien Slashing Weapon 1678 | -3/Quarantine | Identified Sigix Broadsword 1698 | -3/Quarantine | Lost 3 parts (1n1u1w) 1702 | -3/Quarantine | Found Alien Energy Cannon 1712 | -3/Quarantine | Spotted Alpha 7 1733 | -3/Quarantine | Found Alien Artifact 1805 | -3/Quarantine | Discovered new exit (range 15) 1809 | -3/Quarantine | Entered Research 1809 | -2/Research | Evolved 2 slots: Propulsion x1, Utility x1 1822 | -2/Research | Identified exit to DSF 1822 | -2/Research | Entered DSF 1842 | -2/DSF | Additional patrols routed to DSF 1846 | -2/DSF | Discovered new exit (range 15) 1857 | -2/DSF | Entered Access 1857 | -1/Access | Evolved 2 slots: Propulsion x1, Utility x1 1924 | -1/Access | Identified Transdimensional Reconstructor 1924 | -1/Access | Warped through subspace 1948 | -1/Access | Identified Terrabomb 1948 | -1/Access | Used Terrabomb 1993 | -1/Access | Core integrity fell below 50% 2004 | -1/Access | Core integrity fell below 20% 2012 | -1/Access | Destroyed by S-43 Plague with Heavy Machine Gun Last Messages --------------- 02000_ Penetrated by Slug. 02000_ Relay Coupler [Sentry] destroyed. 02000_ U-05 Engineer destroyed. 02001_ Acquired 3 matter. 02001_ Slammed into S-43 Plague. 02001_ Slug penetrates S-43 Plague. 02001_ Penetrated by Slug. 02002_ Slug penetrates Wall. 02002_ Slammed into S-43 Plague. 02002_ K-01 Serf collects debris. 02004_ Penetrated by Slug. 02007_ Triggered Segregator Trap. 02007_ Arcs of energy rise from the floor. 02007_ Adv. System Shield blown off. 02007_ Relay Coupler [Sentry] blown off. 02007_ Machine Analyzer blown off. 02007_ Relay Coupler [Sentry] blown off. 02008_ K-01 Serf collects debris. 02012_ Slug penetrates Wall. 02012_ S-43 Plague destroyed. Map ----- +----------------------------------------------------+ | # ????????# ?????????? | | #?????????# ????????? | | ??????????# ! ! ????????? | | ??????????### ##### ???????? | | ????????????# #???# ! ???????? | | ????????????# #???# %* ???????? | | ????????????# #???####%%########## ????????? | | ????????????# #??????# #?????????????????????? | | ????????????#+####??????# #?????????????????????? | | ????????????????????????# #?????????????????????? | | ????????????????????????#sh#?????????????????????? | | ????????????????????????# #?????????????????????? | | ????????????????????????# =#?????????????????????? | | ????????????????????????# %#???##????????????????? | | ????????????????????????#s #??? ????????????????? | | ????????????????????????# #?? !????#????????????? | | ????????????????????????#ss#? ???""#????????????? | | ????????????????????????# s#? ?? ""#????????????? | | ????????????????????????#k # T"#????????????? | | ????????????????????????# # ""#????????????? | | ????????????????????????# ; ""#????????????? | | ????????????????????????# s# [ #????????????? | | ????????????????????????# #?? #????????????? | | ?????????????????######## #????/####????????????? | | ???????????????? """ #?????????????????????? | | ???????????????? ""T"" @ #?????????????????????? | | ?????????????????? "" "" #?????????????????????? | | ????????????????? #?????????????????????? | | ??????????????? #?????????????????????? | | ???????????????? #?????????????????????? | | ??????????????? #?????????????????????? | | ?????????????? ss#?????????????????????? | | ??????????????? w +?????????????????????? | | ???????????????######### #?????????????????????? | | ???????????????????????# #?????????????????????? | | ???????????????????????# #?????????????????????? | | ???????????????????????# #?????????????????????? | | ???????????????????????# #?????????????????????? | | ???????????????????????? ??????????????????????? | | ???????????????????????? w??????????????????????? | | ???????????????????????? ??????????????????????? | | ?????????????????????????????????????????????????? | | ?????????????????????????????????????????????????? | | ?????????????????????????????????????????????????? | | ?????????????????????????????????????????????????? | | ?????????????????????????????????????????????????? | | ?????????????????????????????????????????????????? | | ?????????????????????????????????????????????????? | | ?????????????????????????????????????????????????? | | ?????????????????????????????????????????????????? | +----------------------------------------------------+ Best States ------------- Heat Dissipation 52 Energy Generation 24 Energy Capacity 160 Matter Stores 300 Matter Capacity 300 Sight Range 16 Terrain Scan Density 10 Armor Coverage 150 Core Shielding 40 Evasion (%) 64 Launcher Accuracy 40 Target Analysis 5 Matter Filtering 50 Offensive Hacking 10 Defensive Hacking 24 Relay Coupler Types 1 Relay Coupler Value 56 Item Schematics ----------------- None Robot Schematics ------------------ None Fabricated ------------ Nothing Alien Tech Used ----------------- Integrated Reactor Sigix Broadsword Transdimensional Reconstructor Terrabomb Achievements -------------- None Challenges ------------ None Game ------ Seed NuclearAccelerationAutogun Manual? 0 Play Time 00:31:37 Cumulative 285.7 hours Start 2023.06.09 @ 12:15:45 End 2023.06.09 @ 13:04:49 Sessions 1 Manual Loads 0 Difficulty Rogue Special Mode None Game No. 840 Rogue 840 Adventurer 0 Explorer 0 Win Type - Total 17 Types 8/0/7/2/0/0/0/0/0 Lore% 90 Gallery% 87 Achievement% 79 Wizard Run 0 Options --------- ASCII 0 Keyboard 0 Movement Numpad Keybinds 0 Fullscreen 1 Font 16/SmallcapsGlow Map View 75x55 Tactical HUD 1 Map Filters NONE Filters NONE Steam 1 RUN: 9c00c9fa-fd45-4c9d-beb7-1c9fab0b17fe